 Dungeon Crawl Stone Soup version 0.19-a0-1692-g68728bb (webtiles) character file.

343 Psiweapon the Chopper (level 6, -2/53 HPs)
             Began as a Hill Orc Fighter on Sept 26, 2016.
             Slain by a worker ant (5 damage)
             ... on level 3 of the Dungeon.
             The game lasted 00:11:25 (2893 turns).

Psiweapon the Chopper (Hill Orc Fighter)            Turns: 2893, Time: 00:11:26

Health: -2/53      AC:  9    Str: 21    XL:     6   Next: 57%
Magic:  5/5        EV:  8    Int:  8    God:
Gold:   171        SH:  9    Dex: 10    Spells: 0 memorised, 5 levels left

rFire  . . .     SeeInvis .     B - staff of death (curse)
rCold  . . .     Gourm    .     e - +0 scale mail
rNeg   + . .     Faith    .     c - +0 shield
rPois  .         Spirit   .     (no helmet)
rElec  .         Dismiss  +     (no cloak)
rCorr  .         Reflect  .     (no gloves)
MR     .....     Harm     .     m - +0 pair of boots
Stlth  .......... Clarity  +    y - amulet of dismissal
                                (no ring)
                                (no ring)

@: lethally poisoned (-2 -> -3)
A: hooves 1, clarity, low mp 1
a: no special abilities


You were on level 3 of the Dungeon.
You were not hungry.

You visited 1 branch of the dungeon, and saw 5 of its levels.

You collected 171 gold pieces.

Inventory:

Hand Weapons
 a - a +1 war axe
 b - a +0 hunting sling
 s - a +0 flail
Missiles
 j - 136 stones
 n - 41 bolts
 o - 5 tomahawks of returning (quivered)
 v - 10 poisoned needles
Armour
 c - a +0 shield (worn)
 e - a +0 scale mail (worn)
 l - a +0 chain mail
 m - a +0 pair of boots (worn)
Magical Staves
 B - a cursed staff of death (weapon)
Jewellery
 y - an amulet of dismissal (around neck)
Wands
 w - a wand of lightning (11/15)
Scrolls
 d - a scroll of teleportation
 h - a scroll of enchant weapon
 q - a scroll of magic mapping
 u - 3 scrolls of random uselessness
 A - a scroll of blinking {unknown}
 C - a scroll of identify
Potions
 i - a potion of curing {unknown}
 p - a potion of mutation
 r - a potion of magic {unknown}
 t - a potion of heal wounds
 x - a potion of haste {unknown}
Comestibles
 f - 3 bread rations
 g - 2 slices of pizza
 k - a chunk of flesh
 z - a beef jerky


   Skills:
 + Level 4.4 Fighting
 + Level 5.7 Axes
 + Level 1.1(1.2) Slings
 + Level 0.3(0.8) Throwing
 + Level 4.6 Armour
 + Level 1.4 Dodging
 + Level 0.3 Stealth
 + Level 3.8 Shields


You had 5 spell levels left.
You didn't know any spells.

Dungeon Overview and Level Annotations

Branches:
Dungeon (5/15)
 Temple: D:4-7

Altars:
Okawaru


Innate Abilities, Weirdness & Mutations

You have large cloven feet.
You possess an exceptional clarity of mind.
Your magical capacity is low. (-10% MP)


Message History

You hit the worker ant.
The worker ant is almost dead.
You feel sick. You block the worker ant's attack. The worker ant bites you.
* * * LOW HITPOINT WARNING * * *
Your shield and scale mail prevent you from hitting the worker ant.
The worker ant is almost dead.
You block the worker ant's attack.
You hit the worker ant but do no damage.
The worker ant is almost dead.
The worker ant bites you but does no damage.
The worker ant bites you.
* * * LOW HITPOINT WARNING * * *
You completely miss the worker ant.
The worker ant is almost dead.
You feel sick.
The worker ant bites you but does no damage.
You hit the worker ant but do no damage.
The worker ant is almost dead.
You block the worker ant's attack. The worker ant bites you.
You die...

###### #....# #....#####
########################.........
................@a.....'.....>#
........####'[####..÷.##........#
#########........####..###....#..
##..........####.# #....#.#
##............###.###.####.#
##..............##..##.###...
##...........÷....##.##......#
#..................#.##..PPP.#
#..................#.##..P..P.


You could see a worker ant.

Vanquished Creatures
  Eustachio (D:4)
  Terence (D:3)
  A hound zombie (D:3)
  A hound skeleton (D:3)
  A worker ant zombie (D:3)
  A gnoll (D:1)
  6 adders
  2 oozes
  2 adder skeletons (D:3)
  4 worms
  A dart slug (D:2)
  A leopard gecko (D:1)
  An orc (D:3)
  3 giant cockroaches
  6 goblins
  4 hobgoblins
  4 jackals
  2 quokkas (D:2)
  A ball python (D:3)
  9 bats
  2 frilled lizards
  9 kobolds
  5 rats
68 creatures vanquished.

Notes
Turn   | Place    | Note
-------+----------+-------------------------------------------
     0 | D:1      | Psiweapon the Hill Orc Fighter began the quest for the Orb.
     0 | D:1      | Reached XP level 1. HP: 19/19 MP: 1/1
   168 | D:2      | Reached XP level 2. HP: 27/27 MP: 2/2
   244 | D:1      | Reached skill level 3 in Axes
   479 | D:2      | Reached XP level 3. HP: 30/33 MP: 3/3
   746 | D:3      | Reached skill level 1 in Slings
   883 | D:1      | Reached XP level 4. HP: 40/40 MP: 4/4
  1445 | D:2      | Reached skill level 4 in Axes
  1489 | D:3      | Reached XP level 5. HP: 40/46 MP: 5/5
  1568 | D:4      | Noticed Eustachio
  1599 | D:4      | Gained mutation: You have large cloven feet. [potion of mutation]
  1599 | D:4      | Gained mutation: You possess an exceptional clarity of mind. [potion of mutation]
  1599 | D:4      | Gained mutation: Your magical capacity is low. (-10% MP) [potion of mutation]
  1601 | D:4      | Killed Eustachio
  1601 | D:4      | Reached skill level 5 in Axes
  1601 | D:4      | Reached skill level 1 in Dodging
  1601 | D:4      | Reached XP level 6. HP: 4/53 MP: 5/5
  1897 | D:5      | Entered Level 5 of the Dungeon
  1950 | D:3      | Noticed Terence
  1975 | D:3      | Killed Terence
  2229 | D:2      | Found an iron altar of Okawaru.
  2893 | D:3      | Slain by a worker ant

Vault maps used:
D:1:      scummos_arrival_checkerplants, serial_bayou_pond_a,
          kennysheep_flooded_box
D:2:      okawaru_gym_becter
D:3:      kennysheep_big_flooded_room, nicolae_tso_carved_into_rock,
          serial_undead, serial_undead_d, serial_undead_f, serial_undead_b,
          serial_undead_e, first_bread, uniq_terence
D:4:      uniq_pikel, uniq_eustachio
D:5:      lemuel_round_altar, nicolae_ru_sacrificial_ziggurat,
          tgw_kikubaaqudgha, uniq_edmund

Skill      XL: |  1  2  3  4  5 |
---------------+----------------+-----
Axes           | 3 4 5 |  5.7
Slings         | 1 |  1.1
Fighting       | 4 |  4.4
Armour         | 4 |  4.6
Dodging        | 1 |  1.4
Throwing       | |  0.3
Stealth        | |  0.3
Shields        | |  3.8

Action                   |  1- 3 |  4- 6 || total
-------------------------+-------+-------++-------
Melee: War axe           |    76 |   125 ||   201
       Staff             |       |    60 ||    60
 Fire: Hunting sling     |    20 |     1 ||    21
Throw: Tomahawk          |     2 |    18 ||    20
  Use: Potion            |       |     2 ||     2
       Scroll            |       |     4 ||     4
  Eat: Chunk             |       |     7 ||     7
Armor: Scale mail        |    39 |   116 ||   155
Dodge: Dodged            |    19 |    67 ||    86
Block: Shield            |    44 |   101 ||   145
